 Dungeon Crawl Stone Soup version 0.31-a0-198-g2ad674f65e (webtiles) character file.

Game seed: 12497761891630502106

2423 qw the Skirmisher (level 9, -5/52 HPs)
             Began as a Deep Elf Hunter on June 25, 2023.
             Was a Follower of Okawaru.
             Slain by a killer bee (8 damage)
             ... on level 8 of the Dungeon.
             The game lasted 00:02:48 (7638 turns).

qw the Skirmisher (Deep Elf Hunter)                 Turns: 7638, Time: 00:02:49

Health: -5/52      AC:  9    Str: 12    XL:     9   Next: 24%
Magic:  13/14      EV: 16    Int: 18    God:    Okawaru [*.....]
Gold:   211        SH:  0    Dex: 18    Spells: 8/8 levels left

rFire   . . .        Y - +0 shortbow
rCold   + . .        (shield currently unavailable)
rNeg    . . .        k - +1 ring mail {rC+}
rPois   +            d - +0 helmet {Int+3}
rElec   .            (no cloak)
rCorr   .            (no gloves)
SInv    .            a - +0 pair of boots
Will    .....        (no amulet)
Stlth   +++          n - ring of poison resistance
HPRegen 0.28/turn    o - +4 ring of slaying {mikee}
MPRegen 0.14/turn

%: no passive effects
@: heroic
A: no striking features
a: Renounce Religion, Heroism


You were on level 8 of the Dungeon.
You worshipped Okawaru.
Okawaru was aware of your devotion.
You visited 2 branches of the dungeon, and saw 9 of its levels.

You collected 476 gold pieces.
You spent 265 gold pieces at shops.


   Skills:
 - Level 4.0(9.0) Fighting
 - Level 14.0(19.0) Ranged Weapons
 + Level 1.3(6.3) Armour
 - Level 5.0(10.0) Dodging
 - Level 1.2(6.2) Stealth
 - Level 4.0 Invocations


You had 8 spell levels left.
You didn't know any spells.
Your spell library was empty.

Inventory:

Hand Weapons
 Y - a +0 shortbow (weapon)
Armour
 a - a +0 pair of boots (worn)
 d - a +0 helmet of intelligence (worn)
 k - a +1 ring mail of cold resistance (worn)
Jewellery
 c - a +6 ring of strength
 h - a ring of protection from fire
 l - a ring of protection from cold
 n - a ring of poison resistance (left hand)
 o - a +4 ring of slaying (right hand) {mikee}
Scrolls
 b - 2 scrolls of identify
 q - a scroll of immolation {unknown}
Potions
 e - a potion of mutation
 f - a potion of enlightenment
 g - 2 potions of cancellation
 i - a potion of experience {unknown}
 j - a potion of resistance {unknown}
 m - 2 potions of curing
 p - a potion of haste {unknown}

Dungeon Overview and Level Annotations

Branches:
Dungeon (8/15)             Temple (1/1) D:5
   Lair: D:8-11

Altars:
Ashenzari
Cheibriados
Dithmenos
Elyvilon
Fedhas
Hepliaklqana
Kikubaaqudgha
Makhleb
Nemelex Xobeh
Okawaru
Qazlal
Ru
Uskayaw
Vehumet
Wu Jian
Xom
Zin
The Shining One

Shops:
D:5 [   D:6 !=[   D:8 *

Annotations:
D:6 3 runed translucent doors, 2 transporters, qw's ghost, novice GrFi


Message History

An orc wizard comes into view. It is wielding a +0 dagger.
You shoot an arrow. The arrow hits the gnoll sergeant.
The gnoll sergeant is heavily wounded.
The gnoll sergeant hits you from afar with a +0 trident!
You shoot an arrow.
The arrow hits the gnoll sergeant but does no damage.
The gnoll sergeant is heavily wounded.
A gnoll comes into view. It is wielding a +0 halberd.
The gnoll sergeant closely misses you.
The orc wizard points at you and mumbles some strange words.
The puff of flame hits you!
You shoot an arrow. The arrow hits the gnoll sergeant.
The gnoll sergeant is severely wounded.
The gnoll barely misses you. The gnoll sergeant barely misses you.
You shoot an arrow. The arrow hits the gnoll sergeant!
You kill the gnoll sergeant!
Okawaru accepts your kill. The gnoll completely misses you.
You shoot an arrow. The arrow hits the orc wizard!
The orc wizard is severely wounded.
You shoot an arrow.
The arrow closely misses the orc wizard.
The gnoll hits you from afar with a +0 halberd.
The orc wizard hits you with a +0 dagger.
A killer bee comes into view.
You shoot an arrow. The killer bee buzzes angrily.
The arrow hits the orc wizard.
The orc wizard is almost dead.
The gnoll barely misses you.
The orc wizard hits you but does no damage.
You shoot an arrow. The arrow hits the orc wizard.
You kill the orc wizard!
Okawaru accepts your kill. The gnoll barely misses you.
Your base Fighting skill increases to level 4!
You shoot an arrow. The arrow hits the killer bee!
The killer bee is almost dead.
The killer bee stings you!
You die...

#.. #..## #
##.####...# #.
#..#....#.##
#.###..........#
#.(............#
#######............#
#.........##.......##
##.......##........#
#))@.###.########...
#g#y## #......# #.#(
#.#.# ######...#..#
#.#.# #..... z...#
####.. ..)## ##. ...#
## o.. ####### ..
.......


You could see a killer bee and a gnoll.

Vanquished Creatures
  2 water moccasins
  2 orc warriors
  A sky beast (D:6)
  A kobold brigand (D:7)
  2 bullfrogs
  A gnoll sergeant (D:8)
  11 wights
  5 scorpions
  3 howler monkeys
  A crimson imp (D:4)
  3 hounds
  4 jellies
  A gnoll bouda (D:7)
  Ijyb (D:5)
  3 iguanas
  A sleepcap (D:6)
  4 orc wizards
  2 adders (D:5)
  6 gnolls
  2 white imps
  An ufetubus (D:4)
  6 worms
  2 dart slugs
  25 orcs
  3 ball pythons
  13 endoplasms
  2 giant cockroaches
  4 goblins
  7 hobgoblins
  2 jackals (D:2)
  18 kobolds
  2 quokkas
  2 bats
  4 frilled lizards (D:1)
  4 rats
151 creatures vanquished.

Notes
Turn   | Place    | Note
-------+----------+-------------------------------------------
     0 | D:1      | qw the Deep Elf Hunter began the quest for the Orb.
     0 | D:1      | Reached XP level 1. HP: 12/12 MP: 3/3
     0 | D:1      | 0 ||| qw: Version: 0.3-a-22-g0ed2b0b
     0 | D:1      | 0 ||| qw: Game counter: 5188
     0 | D:1      | 0 ||| qw: Melee chars always use a shield: true
     0 | D:1      | 0 ||| qw: God list: Okawaru
     0 | D:1      | 0 ||| qw: Allow faded altars: false
     0 | D:1      | 0 ||| qw: Do Orc after clearing Dungeon:15 true
     0 | D:1      | 0 ||| qw: Do second Lair branch before Depths: true
     0 | D:1      | 0 ||| qw: Lair rune preference: random
     0 | D:1      | 0 ||| qw: Goals: Normal
     0 | D:1      | 0 ||| PLANNING D:1-11
   302 | D:1      | Reached skill level 6 in Ranged Weapons
   302 | D:1      | Reached XP level 2. HP: 16/16 MP: 4/4
   483 | D:1      | 483 ||| READING scroll labelled GETIESIOMI.
   484 | D:1      | 484 ||| READING scroll labelled PATSAE ZIEGONG.
   585 | D:1      | 585 ||| READING scroll labelled FAAFOL IMOTAL.
   586 | D:1      | 586 ||| DROPPING scroll of butterflies.
   933 | D:2      | Reached XP level 3. HP: 8/20 MP: 5/5
  1272 | D:2      | 1272 ||| Stepping ~*~*~tactically~*~*~ (outnumbered).
  1288 | D:2      | Reached skill level 7 in Ranged Weapons
  1350 | D:2      | HP: 4/20 [acid (7)]
  1352 | D:2      | Reached XP level 4. HP: 5/25 MP: 6/6
  1357 | D:2      | HP: 3/25 [frozen (4)]
  1359 | D:2      | Reached skill level 8 in Ranged Weapons
  1460 | D:2      | Reached XP level 5. HP: 22/29 MP: 7/7
  1460 | D:2      | 1460 ||| FLEEEEING.
  1463 | D:2      | 1463 ||| FLEEEEING.
  1464 | D:2      | 1464 ||| FLEEEEING.
  1465 | D:2      | 1465 ||| FLEEEEING.
  1466 | D:2      | 1466 ||| FLEEEEING.
  1467 | D:2      | 1467 ||| FLEEEEING.
  1470 | D:2      | 1470 ||| FLEEEEING.
  1471 | D:2      | 1471 ||| FLEEEEING.
  1472 | D:2      | 1472 ||| FLEEEEING.
  1473 | D:2      | 1473 ||| FLEEEEING.
  1474 | D:2      | 1474 ||| FLEEEEING.
  1475 | D:2      | 1475 ||| FLEEEEING.
  1476 | D:2      | 1476 ||| FLEEEEING.
  1674 | D:2      | 1674 ||| UPGRADING to +1 ring mail of cold resistance.
  1684 | D:2      | 1684 ||| DROPPING +0 leather armour.
  1685 | D:2      | 1685 ||| UPGRADING to +6 ring of strength.
  1686 | D:2      | 1686 ||| UPGRADING to ring of protection from cold.
  1687 | D:2      | 1687 ||| READING scroll labelled NOGHIQ TIRPH.
  1688 | D:2      | 1688 ||| DRINKING 2 fuming cyan potions.
  1735 | D:2      | 1735 ||| READING 2 scrolls of identify.
  1735 | D:2      | 1735 ||| IDENTIFYING green potion
  1736 | D:2      | 1736 ||| DROPPING potion of lignification.
  1854 | D:3      | Identified the +3 spear "Feffan" {venom, Will- Dex+5}
  1864 | D:3      | HP: 6/29 [poisoned by an orc]
  1869 | D:3      | HP: 2/29 [poisoned by an orc]
  2634 | D:3      | 2634 ||| FLEEEEING.
  2635 | D:3      | 2635 ||| FLEEEEING.
  2636 | D:3      | 2636 ||| FLEEEEING.
  2637 | D:3      | 2637 ||| FLEEEEING.
  2638 | D:3      | 2638 ||| FLEEEEING.
  2639 | D:3      | 2639 ||| FLEEEEING.
  2640 | D:3      | 2640 ||| FLEEEEING.
  2641 | D:3      | 2641 ||| FLEEEEING.
  2642 | D:3      | 2642 ||| FLEEEEING.
  2643 | D:3      | 2643 ||| FLEEEEING.
  2644 | D:3      | 2644 ||| FLEEEEING.
  2645 | D:3      | 2645 ||| FLEEEEING.
  2646 | D:3      | 2646 ||| FLEEEEING.
  2647 | D:3      | 2647 ||| FLEEEEING.
  2648 | D:3      | 2648 ||| FLEEEEING.
  2655 | D:3      | Reached skill level 9 in Ranged Weapons
  3056 | D:3      | 3056 ||| UPGRADING to +4 ring of slaying {mikee}.
  3058 | D:3      | 3058 ||| DRINKING 2 emerald potions.
  3059 | D:3      | 3059 ||| DRINKING 2 murky ruby potions.
  3060 | D:3      | 3060 ||| DRINKING 2 murky white potions.
  3061 | D:3      | 3061 ||| READING 2 scrolls of identify.
  3061 | D:3      | 3061 ||| IDENTIFYING brown potion
  3062 | D:3      | 3062 ||| DROPPING potion of attraction.
  3063 | D:3      | 3063 ||| DROPPING potion of brilliance.
  3064 | D:3      | 3064 ||| DROPPING potion of magic.
  3065 | D:3      | 3065 ||| DROPPING potion of degeneration.
  3229 | D:4      | Reached XP level 6. HP: 35/35 MP: 8/8
  3394 | D:4      | Reached skill level 10 in Ranged Weapons
  3453 | D:4      | Found a burning altar of Makhleb.
  3462 | D:4      | Reached skill level 3 in Dodging
  3465 | D:4      | Found a radiant altar of Vehumet.
  3811 | D:4      | 3811 ||| READING scroll labelled EDESCH ZIUST.
  3812 | D:4      | 3812 ||| READING 2 scrolls of identify.
  3812 | D:4      | 3812 ||| IDENTIFYING inky potion
  3850 | D:5      | Entered Level 5 of the Dungeon
  3860 | D:5      | Reached XP level 7. HP: 40/40 MP: 9/9
  3863 | D:5      | Found a staircase to the Ecumenical Temple.
  3864 | D:5      | 3864 ||| PLANNING TEMPLE
  3872 | Temple   | Entered the Ecumenical Temple
  3907 | Temple   | 3907 ||| Stepping randomly (stuck).
  3908 | Temple   | 3908 ||| PLANNING D:1-11
  3955 | D:5      | Found Jucseynniw's Armour Shoppe.
  3963 | D:5      | 3963 ||| BUYING +0 helmet of intelligence (161 gold).
  3963 | D:5      | Bought a +0 helmet of intelligence for 161 gold pieces
  3963 | D:5      | 3963 ||| SHOPLISTING +0 scale mail of fire resistance (154
                  | gold, have 67).
  4157 | D:5      | Found an iron altar of Okawaru.
  4157 | D:5      | Found a hide-covered altar of Uskayaw.
  4158 | D:5      | 4158 ||| PLANNING OKAWARU WORSHIP
  4174 | D:5      | 4174 ||| UPGRADING to +0 helmet of intelligence.
  4179 | D:5      | 4179 ||| UPGRADING to ring of poison resistance.
  4181 | D:5      | 4181 ||| UPGRADING to +4 ring of slaying {mikee}.
  4183 | D:5      | 4183 ||| READING scroll labelled LUETUSI ZUKUMA.
  4191 | D:5      | Became a worshipper of Warmaster Okawaru
  4192 | D:5      | 4192 ||| PLANNING D:1-11
  4265 | D:5      | Noticed Ijyb
  4269 | D:5      | Killed Ijyb
  4554 | D:5      | Reached skill level 1 in Armour
  4656 | D:5      | Reached skill level 11 in Ranged Weapons
  4864 | D:5      | 4864 ||| READING scroll labelled WUQAEH SUOVIE.
  4867 | D:5      | 4867 ||| READING scroll labelled POPOEM WODUDD.
  4868 | D:5      | 4868 ||| READING 2 scrolls labelled GEPOTIA NOBUNN.
  4869 | D:5      | 4869 ||| DROPPING scroll of revelation.
  5001 | D:6      | Reached skill level 12 in Ranged Weapons
  5109 | D:6      | Found Wuasoh's Distillery.
  5132 | D:6      | Reached * piety under Okawaru
  5133 | D:6      | Reached skill level 3 in Fighting
  5133 | D:6      | Reached XP level 8. HP: 31/46 MP: 10/10
  5193 | D:6      | Found a runed translucent gate.
  5193 | D:6      | Found a runed translucent gate.
  5193 | D:6      | Found a runed translucent gate.
  5196 | D:6      | 5196 ||| BUYING potion of cancellation (104 gold).
  5196 | D:6      | Bought a potion of cancellation for 104 gold pieces
  5196 | D:6      | 5196 ||| SHOPLISTING potion of curing (39 gold, have 9).
  5196 | D:6      | 5196 ||| SHOPLISTING potion of heal wounds (65 gold, have
                  | 9).
  5196 | D:6      | 5196 ||| SHOPLISTING potion of magic (104 gold, have 9).
  5196 | D:6      | 5196 ||| SHOPLISTING potion of mutation (104 gold, have 9).
  5247 | D:6      | 5247 ||| INVOKING Heroism.
  5250 | D:6      | Reached skill level 1 in Invocations
  5384 | D:6      | Found Boratigh's Jewellery Boutique.
  5394 | D:6      | 5394 ||| SHOPLISTING ring of fire (325 gold, have 9).
  5394 | D:6      | 5394 ||| SHOPLISTING ring of see invisible (195 gold, have
                  | 9).
  5479 | D:6      | Found a transporter.
  5479 | D:6      | Found Qaism's Antique Armour Shop.
  5482 | D:6      | Found a transporter.
  5784 | D:6      | Noticed qw's ghost (novice GrFi)
  5809 | D:6      | 5809 ||| DRINKING 2 glowing black potions.
  6134 | D:7      | 6134 ||| INVOKING Heroism.
  6209 | D:7      | 6209 ||| INVOKING Heroism.
  6218 | D:7      | HP: 10/46 [water moccasin (2)]
  6219 | D:7      | 6219 ||| DRINKING 2 potions of heal wounds.
  6230 | D:7      | 6230 ||| INVOKING Heroism.
  6232 | D:7      | Reached skill level 13 in Ranged Weapons
  6233 | D:7      | 6233 ||| FLEEEEING.
  6234 | D:7      | 6234 ||| FLEEEEING.
  6235 | D:7      | 6235 ||| FLEEEEING.
  6237 | D:7      | 6237 ||| FLEEEEING.
  6238 | D:7      | 6238 ||| FLEEEEING.
  6239 | D:7      | 6239 ||| FLEEEEING.
  6240 | D:7      | 6240 ||| FLEEEEING.
  6241 | D:7      | 6241 ||| FLEEEEING.
  6242 | D:7      | 6242 ||| FLEEEEING.
  6243 | D:7      | 6243 ||| FLEEEEING.
  6245 | D:7      | 6245 ||| STAIRDANCE
  6395 | D:7      | 6395 ||| STAIRDANCE
  6457 | D:7      | 6457 ||| STAIRDANCE
  6467 | D:6      | 6467 ||| INVOKING Heroism.
  6606 | D:7      | 6606 ||| STAIRDANCE
  6613 | D:6      | HP: 10/46 [orc warrior/+0 flail (13)]
  6614 | D:6      | 6614 ||| DRINKING potion of heal wounds.
  6707 | D:7      | 6707 ||| STAIRDANCE
  6926 | D:7      | Found an ornate altar of the Wu Jian Council.
  7018 | D:7      | 7018 ||| INVOKING Heroism.
  7023 | D:7      | Reached skill level 14 in Ranged Weapons
  7029 | D:7      | Reached skill level 3 in Invocations
  7326 | D:7      | 7326 ||| UPGRADING to +0 pair of boots.
  7331 | D:7      | 7331 ||| READING 2 scrolls of identify.
  7331 | D:7      | 7331 ||| IDENTIFYING sapphire potion
  7409 | D:8      | Found Cawulyzi's Demolitions Depot.
  7426 | D:8      | 7426 ||| INVOKING Heroism.
  7430 | D:8      | Reached XP level 9. HP: 26/50 MP: 10/13
  7592 | D:8      | 7592 ||| Stepping ~*~*~tactically~*~*~ (outnumbered).
  7601 | D:8      | 7601 ||| INVOKING Heroism.
  7624 | D:8      | 7624 ||| INVOKING Heroism.
  7631 | D:8      | HP: 7/52 [orc wizard/puff of flame (8)]
  7635 | D:8      | HP: 3/52 [orc wizard/+0 dagger (4)]
  7638 | D:8      | Slain by a killer bee

Levels and vault maps discovered:
D:1:      grunt_arrival_crossed_arrows, layout_basic
D:2:      cheibrodos_fertilizer, layout_loops_ring, kennysheep_flooded_box,
          skrybe_limestone_x, hex_tiny
D:3:      layout_basic
D:4:      layout_basic, grunt_temple_overflow_lords_of_destruction
D:5:      layout_loops_ring, mainiacjoe_overflow_catch_the_wave,
          minmay_temple_entry_waves, serial_co_window_serial,
          co_window_of_opportunity_a, co_window_corner_a, co_window_paths_b,
          co_window_corner_a, co_window_paths_a, co_window_corner_b,
          co_window_2corner, co_window_2corner, co_window_broadway_c,
          serial_shops, shop_fountains, uniq_ijyb
D:6:      layout_basic, gammafunk_ghost_icy, serial_shops,
          nicolae_shop_drivethru, shop_statue, shop, kennysheep_generic_room_13
D:7:      layout_cave_pools, amcnicky_altar_gilded
D:8:      layout_rooms, david_lair_shrubbed, nicolae_blasting_shop, hex_medium
Temple:   nicolae_temple_god_jail

Skill      XL: |  1  2  3  4  5  6  7  8  9 |
---------------+----------------------------+-----
Ranged Weapons | 6 7 8 9 10 12 14 | 14.0
Fighting       | 2 3 4 |  4.0
Dodging        | 3 4 5 |  5.0
Armour         | 1 |  1.3
Invocations    | 3 4 |  4.0
Stealth        | |  1.2

Action                     |  1- 3 |  4- 6 |  7- 9 || total
---------------------------+-------+-------+-------++-------
   Fire: Shortbow          |    97 |   176 |   315 ||   588
 Invoke: Heroism           |       |       |     9 ||     9
    Use: Scroll            |     3 |     5 |     5 ||    13
         Potion            |       |     4 |     3 ||     7
 Armour: Leather armour    |     6 |     2 |       ||     8
         Ring mail         |       |    11 |    43 ||    54
  Dodge: Dodged            |    15 |    38 |   113 ||   166

Table legend:
 A = Non-vault XP
 B = Vault XP
 C = Vault XP percentage of total XP
 D = Non-vault monster count
 E = Vault monster count
 F = Vault count percentage of total count
                 A         B        C        D         E       F
            +---------+---------+-------+---------+---------+-------
      Total |    3104 |     358 |  10.3 |     129 |      22 |  14.6
            +---------+---------+-------+---------+---------+-------
        D:1 |      16 |       0 |   0.0 |      11 |       0 |   0.0
        D:2 |      41 |     148 |  78.3 |      16 |      19 |  54.3
        D:3 |     108 |       0 |   0.0 |      27 |       0 |   0.0
        D:4 |     304 |      48 |  13.6 |      14 |       1 |   6.7
        D:5 |     395 |      38 |   8.8 |       8 |       1 |  11.1
        D:6 |     804 |     124 |  13.4 |      18 |       1 |   5.3
        D:7 |     673 |       0 |   0.0 |      20 |       0 |   0.0
        D:8 |     763 |       0 |   0.0 |      15 |       0 |   0.0
            +---------+---------+-------+---------+---------+-------
